 Dungeon Crawl Stone Soup version 0.29-a0-289-g2178c42546 (webtiles) character file.

Game seed: 14726484096443956173

160 Colgate the Vexing (level 5, -8/24 HPs)
             Began as a Spriggan Enchanter on Mar 17, 2022.
             Was a Believer of Nemelex Xobeh.
             Mangled by a gnoll
             ... wielding a +4 flail
              (14 damage)
             ... on level 3 of the Dungeon.
             The game lasted 00:07:11 (3624 turns).

Colgate the Vexing (Spriggan Enchanter)             Turns: 3624, Time: 00:07:11

Health: -8/24      AC:  2    Str:  4    XL:     5   Next: 17%
Magic:  1/10       EV: 17    Int: 19    God:    Nemelex Xobeh [**....]
Gold:   107        SH:  0    Dex: 15    Spells: 2/10 levels left

rFire   . . .      SeeInvis +   a - +1 dagger
rCold   . . .      Faith    .   (no shield)
rNeg    . . .      Spirit   .   b - +0 robe
rPois   .          Reflect  .   (helmet restricted)
rElec   .          Harm     .   (no cloak)
rCorr   .          Rampage  .   (gloves unavailable)
Will    +....                   (boots unavailable)
Stlth   +++.......              (no amulet)
HPRegen 0.08/turn               f - ring of flight
MPRegen 0.12/turn               g - ring of willpower

@: flying, very quick
A: very small, no large weapons, unfitting armour, see invisible, speed 3
a: Renounce Religion, Draw Escape, Draw Destruction, Draw Summoning


You were on level 3 of the Dungeon.
You worshipped Nemelex Xobeh.
Nemelex Xobeh was pleased with you.
You visited 1 branch of the dungeon, and saw 3 of its levels.

You collected 107 gold pieces.

Inventory:

Hand Weapons
 a - a +1 dagger (weapon)
Armour
 b - a +0 robe (worn)
Jewellery
 f - a ring of flight (left hand)
 g - a ring of willpower (right hand)
Scrolls
 d - a scroll of magic mapping {unknown}
 h - 2 scrolls of fear {unknown}
 i - a scroll of teleportation {unknown}
 l - 3 scrolls of identify {unknown}
 m - a scroll of summoning {unknown}
Potions
 c - 2 potions of invisibility
 e - a potion of berserk rage {unknown}
 j - a potion of haste {unknown}
 k - a potion of lignification {unknown}
 n - a potion of heal wounds {unknown}
 o - a potion of degeneration {unknown}


   Skills:
 - Level 2.4 Short Blades
 - Level 2.6 Dodging
 - Level 4.4 Stealth
 - Level 3.0 Spellcasting
 + Level 6.5 Hexes


You had 2 spell levels left.
You knew the following spells:

 Your Spells              Type           Power      Damage    Failure   Level
a - Ensorcelled Hibernat  Hex/Ice        30%        N/A       6%          2
b - Tukima's Dance        Hex            27%        N/A       3%          3
c - Confusing Touch       Hex            27%        N/A       3%          3

Your spell library contained the following spells:

 Spells                   Type           Power      Damage    Failure   Level
 Sting                    Tmut/Pois      8%         1d3       16%         1
 Poisonous Vapours        Pois/Air       4%         N/A       22%         2
 Dazzling Flash           Conj/Hex       30%        N/A       12%         3
 Olgreb's Toxic Radiance  Pois           2%         N/A       83%         4


Dungeon Overview and Level Annotations

Branches:
Dungeon (3/15)

Altars:
Dithmenos
Nemelex Xobeh


Innate Abilities, Weirdness & Mutations

You are very small and have problems with some larger weapons.
You are too small for most types of armour.
You have supernaturally acute eyesight. (SInv)
You cover ground extremely quickly. (Speed+++)


Message History

The goblin shoots a sling bullet.
The sling bullet completely misses you.
A goblin comes into view. It is wielding a +0 club.
The orc hits you with a +0 dagger.
Aiming: Ensorcelled Hibernation (safe; 6% risk of failure)
Aim: an orc, wielding a +0 dagger and wearing a +0 ring mail (chance to affect: 66%)
The orc looks drowsy...
The endoplasm quivers.
The helpless orc fails to defend itself.
You impale the orc!!
You kill the orc!
Things that are here:
a +0 dagger; a +0 ring mail
Found a shadowy altar of Dithmenos.
You reach down and open the door.
The adder hisses angrily.
Aiming: Ensorcelled Hibernation (safe; 6% risk of failure)
Aim: an adder (chance to affect: 57%)
The adder looks drowsy...
There is an open door here.
The helpless adder fails to defend itself.
You impale the adder!!
You kill the adder!
You reach down and close the door.
You start resting.
An orc opens the door.
It is wielding a +0 war axe.
As you open the door, it creaks loudly! The gnoll hits you with a +4 flail!
Ouch! That really hurt!
* * * LOW HITPOINT WARNING * * *
There is an open door, spattered with blood here.
Aiming: Ensorcelled Hibernation (safe; 6% risk of failure)
Aim: a gnoll, wielding a +4 flail (chance to affect: 57%)
The gnoll resists with significant effort.
The gnoll misses you.
You don't have enough magic to cast this spell.
You don't have enough magic to cast this spell.
The gnoll hits you with a +4 flail!
Ouch! That really hurt!
You die...
Your body disappears without a glow.

......##..........#.##......#
......####.###....#......g..#
####### #.# #....####......#
#o# #....# ####.### #>#
#....#######.# #.#
#....[.......#
#<###.#.###+###o.#
........#...#.# #.# #..#
#######......@###.###..#
##..##.g'o._###r.#
####..###g###..# #..# #.#
#..# ##.###o###..#
#..........# ############


You could see a gnoll, an orc and a goblin (wandering).

Vanquished Creatures
  A jelly (D:3)
  An orc priest (D:3)
  3 adders (D:3)
  2 worms (D:2)
  5 dart slugs
  3 orcs (D:3)
  7 bats
  4 endoplasms
  3 goblins
  3 hobgoblins
  5 kobolds
  6 quokkas
  4 ball pythons
  2 frilled lizards
  6 rats
55 creatures vanquished.

Notes
Turn   | Place    | Note
-------+----------+-------------------------------------------
     0 | D:1      | Colgate the Spriggan Enchanter began the quest for the Orb.
     0 | D:1      | Reached XP level 1. HP: 9/9 MP: 5/5
    52 | D:1      | Reached skill level 4 in Hexes
   243 | D:1      | Reached XP level 2. HP: 13/13 MP: 6/6
   246 | D:1      | Learned a level 2 spell: Ensorcelled Hibernation
  1325 | D:1      | Reached skill level 5 in Hexes
  1399 | D:2      | Found a faded altar of an unknown god.
  1401 | D:2      | Prayed at the altar of an unknown god.
  1401 | D:2      | Became a worshipper of Nemelex Xobeh the Trickster
  1401 | D:2      | Reached * piety under Nemelex Xobeh
  1404 | D:2      | Received a gift from Nemelex Xobeh
  1537 | D:2      | Reached XP level 3. HP: 16/16 MP: 8/8
  1541 | D:2      | Learned a level 3 spell: Tukima's Dance
  1634 | D:2      | Learned a level 3 spell: Confusing Touch
  2381 | D:2      | Reached ** piety under Nemelex Xobeh
  2834 | D:2      | Found the +7 mace of Variability {chain chaos}
  2943 | D:3      | Received a gift from Nemelex Xobeh
  2962 | D:3      | Reached XP level 4. HP: 21/21 MP: 2/9
  2967 | D:3      | Reached skill level 6 in Hexes
  3581 | D:3      | Reached XP level 5. HP: 24/24 MP: 5/10
  3599 | D:3      | Found a shadowy altar of Dithmenos.
  3624 | D:3      | Mangled by a gnoll

Illustrated notes

Levels and vault maps discovered:
D:1:      evilmike_arrival_rings, layout_basic
D:2:      layout_loops_corners, shapermc_ecumenical_altar_venn
D:3:      lemuel_castle_with_subvaults [lemuel_castle_interior_carwin_1],
          layout_rooms, lemuel_doored_altar, uniq_jessica

Skill      XL: |  1  2  3  4 |
---------------+-------------+-----
Hexes          | 4 5 6 |  6.5
Spellcasting   | 3 |  3.0
Short Blades   | 2 |  2.4
Dodging        | |  2.6
Stealth        | |  4.4

Action                   |  1- 3 |  4- 6 || total
-------------------------+-------+-------++-------
Melee: Dagger            |   100 |    32 ||   132
       Punch             |     1 |     1 ||     2
 Cast: Ensorcelled Hiber |    19 |    17 ||    36
       Confusing Touch   |     1 |       ||     1
       Tukima's Dance    |       |     1 ||     1
 Stab: Sleeping          |    29 |    11 ||    40
       Confused          |     1 |       ||     1
Armor: Robe              |     9 |     3 ||    12
Dodge: Dodged            |    70 |    30 ||   100

Table legend: (Time is in decaauts)
 A = Elapsed time spent in this place.
 B = Non-inter-level travel time spent in this place.
 C = Inter-level travel time spent in this place.
 D = Time resting spent in this place.
 E = Time spent auto-exploring this place.
 F = Levels seen in this place.
 G = Mean time per level.
                   A        B        C        D        E       F      G
               +--------+--------+--------+--------+--------+-----+--------+
         Total |   2717 |   2505 |    212 |      2 |   2091 |   3 |  905.7 |
       Dungeon |   2717 |   2505 |    212 |      2 |   2091 |   3 |  905.7 |
               +--------+--------+--------+--------+--------+-----+--------+

Top non-repeatable levels by time:
     D:2: 1203 daAuts
     D:1: 1055 daAuts
     D:3: 458 daAuts
